 Dungeon Crawl Stone Soup version 0.26.0-16-gc1dbca0489 (webtiles) character file.

Game seed: 14427205428054379879

23217 xSliceyx the Thaumaturge (level 12, 0/64 HPs)
             Began as a Deep Elf Fire Elementalist on Jan 18, 2021.
             Was an Elder of Sif Muna.
             Slain by a blink frog (15 damage)
             ... on level 2 of the Lair of Beasts.
             The game lasted 02:29:16 (17338 turns).

xSliceyx the Thaumaturge (DEFE)                    Turns: 17338, Time: 02:29:16

Health: 0/64       AC:  6    Str:  5    XL:     12   Next: 69%
Magic:  6/31       EV: 22    Int: 26    God:    Sif Muna [****..]
Gold:   304        SH:  0    Dex: 15    Spells: 17/38 levels left

rFire    + . .     SeeInvis .   R - staff of fire
rCold    . . .     Faith    .   (no shield)
rNeg     + . .     Spirit   .   E - +1 robe {rN+}
rPois    .         Reflect  .   (no helmet)
rElec    .         Harm     .   c - scarf {+Inv}
rCorr    .         Rampage  .   (no gloves)
Will     +....                  o - +2 pair of boots
Stlth    ++........             (no amulet)
HPRegen  0.20/turn              O - +4 ring of evasion
MPRegen  0.22/turn              j - ring of wizardry

@: marked
A: no striking features
a: Renounce Religion, Evoke Invisibility, Channel Magic, Forget Spell, Divine
Exegesis


You were on level 2 of the Lair of Beasts.
You worshipped Sif Muna.
Sif Muna was greatly pleased with you.
You visited 3 branches of the dungeon, and saw 15 of its levels.

You collected 929 gold pieces.
You spent 625 gold pieces at shops.

Inventory:

Hand Weapons
 y - the +1 dagger "Qievaom" {vorpal, rPois rC+}
   (You found it on level 6 of the Dungeon)

   It inflicts extra damage upon your enemies.
   It protects you from cold.
   It protects you from poison.
 I - a +3 scimitar of flaming
Missiles
 r - 7 curare-tipped darts
Armour
 c - a scarf of invisibility (worn)
 o - a +2 pair of boots (worn)
 E - a +1 robe of positive energy (worn)
Magical Staves
 v - an uncursed staff of cold
 x - an uncursed staff of earth
 R - an uncursed staff of fire (weapon)
Jewellery
 j - a ring of wizardry (right hand)
 z - an uncursed ring of resist corrosion
 H - a +4 ring of evasion
 L - a +6 ring of intelligence
 O - a +4 ring of evasion (left hand)
 S - an uncursed ring of poison resistance
Wands
 b - a wand of polymorph (28)
 s - a wand of random effects (18)
 B - a wand of iceblast (21)
 F - a wand of digging (14)
 G - a wand of acid (8)
 J - a wand of flame (17)
 Q - a wand of paralysis (10)
Scrolls
 a - 2 scrolls of random uselessness {unknown}
 d - 11 scrolls of remove curse
 e - 2 scrolls of identify
 g - 3 scrolls of enchant armour {unknown}
 h - 5 scrolls of teleportation
 k - 3 scrolls of fear
 m - a scroll of noise {unknown}
 p - 3 scrolls of enchant weapon
 t - 5 scrolls of immolation
 u - a scroll of fog {unknown}
 w - a scroll of holy word {unknown}
 A - 2 scrolls of magic mapping {unknown}
 D - a scroll of blinking
 N - a scroll of amnesia {unknown}
 T - a scroll of brand weapon {unknown}
Potions
 f - a potion of mutation
 i - a potion of lignification {unknown}
 l - 5 potions of heal wounds
 n - 3 potions of flight
 q - 3 potions of curing
 C - a potion of resistance {unknown}
 K - a potion of brilliance {unknown}
 P - 4 potions of ambrosia {unknown}
 U - a potion of magic {unknown}
Miscellaneous
 M - a tin of tremorstones (2/2)


   Skills:
 - Level 3.0 Fighting
 - Level 8.5 Dodging
 - Level 2.4 Stealth
 + Level 13.5 Spellcasting
 - Level 12.0 Conjurations
 - Level 11.0 Fire Magic
 - Level 10.0 Invocations


You had 17 spell levels left.
You knew the following spells:

 Your Spells              Type           Power        Failure   Level
a - Foxfire               Conj/Fire      100%         1%          1
b - Sticky Flame          Conj/Fire      86%          1%          4
c - Fireball              Conj/Fire      43%          1%          5
d - Conjure Flame         Conj/Fire      86%          1%          3
e - Inner Flame           Hex/Fire       62%          1%          3
f - Slow                  Hex            17%          1%          2
g - Mephitic Cloud        Conj/Pois/Air  38%          1%          3

Your spell library contained the following spells:

 Spells                   Type           Power        Failure   Level
 Corona                   Hex            18%          1%          1
 Summon Small Mammal      Summ           68%          1%          1
 Call Imp                 Summ           17%          1%          2
 Passwall                 Tmut/Erth      14%          1%          2
 Poisonous Vapours        Pois/Air       34%          1%          2
 Swiftness                Air            17%          1%          2
 Call Canine Familiar     Summ           17%          4%          3
 Portal Projectile        Hex/Tloc       34%          4%          3
 Summon Guardian Golem    Hex/Summ       17%          4%          3
 Cause Fear               Hex            8%           13%         4
 Leda's Liquefaction      Hex/Erth       8%           13%         4
 Passage of Golubria      Tloc           N/A          13%         4
 Summon Ice Beast         Ice/Summ       17%          13%         4
 Summon Lightning Spire   Summ/Air       17%          13%         4
 Lee's Rapid Deconstruct  Erth           8%           32%         5
 Freezing Cloud           Conj/Ice/Air   19%          34%         6
 Invisibility             Hex            17%          86%         6


Dungeon Overview and Level Annotations

Branches:
Dungeon (12/15)            Temple (1/1) D:7            Lair (2/6) D:11
    Orc (0/2) D:10
  Swamp: Lair:2-4    Shoals: Lair:2-4     Snake: Lair:2-4    Spider: Lair:2-4

Altars:
Ashenzari
Cheibriados
Dithmenos
Elyvilon
Fedhas
Gozag
Hepliaklqana
Kikubaaqudgha
Makhleb
Nemelex Xobeh
Okawaru
Qazlal
Ru
Sif Muna
Trog
Uskayaw
Vehumet
Wu Jian
Xom
Yredelemnul
Beogh

Shops:
D:5 ?   D:6 (   D:11 :   D:12 [(?:(

Annotations:
D:6 Awod's ghost, novice DETm


Message History

Press: ? - help, Shift-Dir - straight line, f - blink frog
Aim: a blink frog (moderately wounded, 0% to evade)
You feel a surge of power!
The sticky flame hits the blink frog!
The blink frog is severely wounded.
The blink frog is covered in liquid flames!
The blink frog burns!
A yak comes into view.
The blink frog completely misses you.
A yak comes into view.
The blink frog burns!
You kill the blink frog!
Sif Muna accepts your kill.
The yak is engulfed in blazing flames.
Casting: Sticky Flame (safe; 1% risk of failure)
Confirm with . or Enter, or press ? or * to list all spells.
You don't have enough magic to cast that spell.
Casting: Sticky Flame (safe; 1% risk of failure)
Confirm with . or Enter, or press ? or * to list all spells.
You feel a surge of power!
You conjure some foxfire!
The blink frog hits you!
You die...

#.............#
#.#...........#
###.....YY....##
##....Y......#
#...........#
##.....Y.l..#
##....§§§###
#....§§Y†#
#...###v@##
##### #vFP### #
##....# ##.#
#...####....
##..#.......
##.........
#.........
###...†.....
#.#.##......


You could see a komodo dragon, 5 yaks and a blink frog.

Vanquished Creatures
  Harold (D:7)
  A hydra (Lair:1)
  An ice dragon (D:10)
  A boulder beetle (D:10)
  Erica (D:9)
  3 two-headed ogres
  A skeletal warrior (D:12)
  An unseen horror (D:11)
  A wizard (D:10)
  The ghost of Nolbo the Insei, a novice OpTm of Elyvilon (D:7)
  Pikel (D:6)
  2 ugly things
  Maurice (D:9)
  2 black mambas
  A gargoyle (D:10)
  A kobold demonologist (D:12)
  3 komodo dragons
  A queen bee (D:11)
  4 trolls
  A hornet (D:9)
  9 blink frogs
  A shadow (D:12)
  A wyvern (D:9)
  A wraith (D:11)
  8 yaks
  A water elemental (D:12)
  Menkaure (D:4)
  4 vampire mosquitoes (D:12)
  4 water moccasins
  4 orc warriors
  A necrophage (D:7)
  A sky beast (D:10)
  2 black bears
  4 phantoms
  5 ogres
  9 wolves
  A centaur (D:7)
  A lemure (D:6)
  A big kobold (D:12)
  8 bullfrogs
  A water moccasin zombie (D:5)
  A scorpion (D:4)
  A water moccasin skeleton (D:9)
  23 killer bees (D:11)
  22 wights
  4 howler monkeys
  2 electric eels (D:10)
  2 bullfrog zombies
  A quasit (D:10)
  4 hounds
  7 orc priests
  3 bullfrog skeletons
  A jelly (D:10)
  4 worker ants
  5 iguanas
  4 orc wizards
  2 hound zombies
  3 hound skeletons
  7 gnolls
  17 adders
  3 shadow imps
  4 white imps
  An ooze (D:2)
  An adder zombie (D:5)
  6 adder skeletons
  3 worms
  A dart slug (D:1)
  7 leopard geckos
  31 orcs
  6 giant cockroaches
  4 goblins
  10 hobgoblins
  4 jackals (D:3)
  6 quokkas
  8 bats
  A frilled lizard (D:1)
  11 kobolds
  A quokka skeleton (D:9)
  5 rats
323 creatures vanquished.

Vanquished Creatures (collateral kills)
  6 foxfires
6 creatures vanquished.

Vanquished Creatures (others)
  1380 foxfires
  2 fungi (Lair:1)
  12 plants
1394 creatures vanquished.

Grand Total: 1723 creatures vanquished

Notes
Turn   | Place    | Note
-------+----------+-------------------------------------------
     0 | D:1      | xSliceyx the Deep Elf Fire Elementalist began the quest for
                  | the Orb.
     0 | D:1      | Reached XP level 1. HP: 10/10 MP: 6/6
   208 | D:1      | Reached XP level 2. HP: 15/15 MP: 5/8
   879 | D:2      | Reached XP level 3. HP: 19/19 MP: 5/9
   971 | D:2      | Found a white marble altar of Elyvilon.
  1543 | D:3      | Reached XP level 4. HP: 24/24 MP: 5/10
  1557 | D:3      | Learned a level 4 spell: Sticky Flame
  1923 | D:3      | Reached skill level 5 in Conjurations
  1930 | D:3      | Reached XP level 5. HP: 28/28 MP: 0/11
  2600 | D:4      | Reached XP level 6. HP: 32/32 MP: 9/12
  2784 | D:4      | Noticed Menkaure
  2789 | D:4      | Killed Menkaure
  2790 | D:4      | Reached XP level 7. HP: 19/36 MP: 1/13
  3244 | D:5      | Entered Level 5 of the Dungeon
  3306 | D:5      | Found an ancient bone altar of Kikubaaqudgha.
  3501 | D:5      | Found Buish's Magic Scroll Emporium.
  3925 | D:6      | Got a crude dagger
  3926 | D:6      | Identified the cursed +1 dagger "Qievaom" {vorpal, rPois
                  | rC+} (You found it on level 6 of the Dungeon)
  4043 | D:6      | Reached skill level 5 in Fire Magic
  4297 | D:6      | Found a sparkling altar of Nemelex Xobeh.
  4349 | D:6      | Found a large runed translucent door.
  4350 | D:6      | Found a large runed translucent door.
  4353 | D:6      | Noticed Awod's ghost (novice DETm)
  4441 | D:6      | Noticed Pikel
  4454 | D:6      | Killed Pikel
  4455 | D:6      | Reached XP level 8. HP: 41/41 MP: 2/14
  4585 | D:6      | Found Kudwojuuvi's Antique Weapon Shoppe.
  5201 | D:6      | Learned a level 5 spell: Fireball
  5459 | D:7      | Learned a level 3 spell: Conjure Flame
  5861 | D:7      | Found a staircase to the Ecumenical Temple.
  5869 | Temple   | Entered the Ecumenical Temple
  5948 | Temple   | Became a worshipper of Sif Muna the Loreminder
  6014 | D:7      | Found a runed translucent gate.
  6015 | D:7      | Found a runed translucent gate.
  6016 | D:7      | Found a runed translucent gate.
  6017 | D:7      | Noticed Nolbo's ghost (novice OpTm)
  6026 | D:7      | Noticed Harold
  6042 | D:7      | Killed Harold
  6043 | D:7      | Reached skill level 10 in Conjurations
  6043 | D:7      | Reached skill level 5 in Spellcasting
  6043 | D:7      | Reached XP level 9. HP: 19/45 MP: 9/19
  6331 | D:7      | Reached skill level 6 in Spellcasting
  6616 | D:7      | Reached skill level 7 in Spellcasting
  6879 | D:7      | Killed Nolbo's ghost
  6880 | D:7      | Reached skill level 5 in Dodging
  7046 | D:8      | Learned a level 3 spell: Inner Flame
  7640 | D:8      | Found a hazy altar of Hepliaklqana.
  7725 | D:8      | Reached * piety under Sif Muna
  8060 | D:8      | Noticed a two-headed ogre
  8066 | D:8      | Killed a two-headed ogre
  8067 | D:8      | Reached XP level 10. HP: 53/53 MP: 14/22
  8624 | D:9      | Noticed Erica
  8633 | D:9      | Killed Erica
  8634 | D:9      | Reached skill level 8 in Spellcasting
  8841 | D:9      | Reached skill level 9 in Spellcasting
  8925 | D:9      | Noticed Maurice
  8934 | D:9      | Killed Maurice
  8935 | D:9      | Reached skill level 1 in Invocations
  9107 | D:9      | Found a blossoming altar of Fedhas.
  9493 | D:9      | Got a fine spear
  9494 | D:9      | Identified the +1 spear "Dragonbane" {venom, Dex+3} (You
                  | found it on level 9 of the Dungeon)
  9551 | D:10     | Entered Level 10 of the Dungeon
  9563 | D:10     | Noticed a two-headed ogre
  9583 | D:10     | Killed a two-headed ogre
  9584 | D:10     | Reached skill level 5 in Invocations
  9818 | D:10     | Noticed an ice dragon
  9842 | D:10     | Killed an ice dragon
  9843 | D:10     | Reached skill level 10 in Spellcasting
  9843 | D:10     | Reached XP level 11. HP: 31/60 MP: 7/27
 10022 | D:10     | Learned a level 2 spell: Slow
 10086 | D:10     | Found a staircase to the Orcish Mines.
 10153 | D:10     | Learned a level 3 spell: Mephitic Cloud
 10173 | D:10     | Reached ** piety under Sif Muna
 10429 | D:10     | Reached skill level 11 in Spellcasting
 10463 | D:10     | Noticed a wizard
 10468 | D:10     | Killed a wizard
 11031 | D:10     | Found a roughly hewn altar of Beogh.
 11035 | D:10     | Reached skill level 12 in Spellcasting
 11810 | D:11     | Noticed a boulder beetle
 11823 | D:10     | HP: 3/60 [boulder beetle (24)]
 11827 | D:10     | Killed a boulder beetle
 12193 | D:11     | Killed an unseen horror
 12203 | D:11     | HP: 3/60 [killer bee (8)]
 12523 | D:11     | Noticed a red ugly thing
 12672 | D:11     | Found a staircase to the Lair.
 12963 | D:11     | Killed a red ugly thing
 13179 | D:11     | Reached skill level 10 in Fire Magic
 13313 | D:11     | Found Guref's Book Emporium.
 13917 | D:11     | Got a polished ring mail
 13929 | D:11     | Identified the +1 ring mail of Murph {rN+ Regen+} (You
                  | found it on level 11 of the Dungeon)
 14025 | D:5      | Bought a scroll of acquirement for 520 gold pieces
 14025 | D:5      | Acquired an uncursed staff of fire
 14200 | D:12     | Found Basmefodgh's Antique Weapon Shop.
 14223 | D:12     | Found Houdecap's Magic Scroll Emporium.
 14286 | D:12     | Found Acugit's Book Shop.
 14351 | D:12     | Reached *** piety under Sif Muna
 14461 | D:12     | Found Jiumaoqecua's Armour Emporium.
 14616 | D:12     | Noticed a two-headed ogre
 14626 | D:12     | Killed a two-headed ogre
 14719 | D:12     | Reached XP level 12. HP: 64/64 MP: 18/30
 15367 | D:12     | Found Paegisy's Weapon Shoppe.
 16038 | D:12     | Bought a scroll of blinking for 105 gold pieces
 16097 | Lair:1   | Entered Level 1 of the Lair of Beasts
 16211 | Lair:1   | Reached skill level 10 in Invocations
 16489 | Lair:1   | Noticed a six-headed hydra
 16492 | Lair:1   | Killed a six-headed hydra
 16562 | Lair:1   | Found a snail-covered altar of Cheibriados.
 17207 | Lair:2   | Reached **** piety under Sif Muna
 17297 | Lair:2   | Reached skill level 13 in Spellcasting
 17338 | Lair:2   | Slain by a blink frog

Illustrated notes

Levels and vault maps discovered:
D:1:      wander_arrival_estate, layout_basic, serial_bayou_ford_a
D:2:      layout_loops_cross, elyvilon_altar_1, amethyst_overflow_temple_binary
D:3:      layout_rooms
D:4:      layout_rooms, uniq_menkaure
D:5:      layout_rooms, old_standard_altar, serial_shops,
          nicolae_shop_statue_plus
D:6:      minmay_general_purpose_star, layout_loops_ring,
          nemelex_xobeh_ov_fountains_minmay, serial_shops, kennysheep_mini,
          ebering_ghost_disaster_area, uniq_pikel
D:7:      layout_basic, minmay_temple_entry_proselytizer,
          ebering_ghost_rock_garden, kennysheep_generic_room_5, uniq_harold
D:8:      layout_loops_ring, lemuel_round_altar, minmay_misc_feat_diagonals,
          chequers_arboretum, chequers_serial_rivers_small_a
D:9:      layout_small_grid, nicolae_overflow_hidden_temple, uniq_erica,
          uniq_maurice
D:10:     dragon1_lemuel, layout_layer_cave, minmay_orc_entry_temple_small
D:11:     layout_long_grid, david_lair_shrubbed, serial_shops, shop, minivault_7
D:12:     layout_basic, serial_shops, nicolae_shop_statue_plus, shop,
          shop_statue, nicolae_shop_crystal, shop_statue, serial_bayou,
          serial_bayou_pond_a, serial_bayou_pond_b, serial_bayou_pond_d,
          serial_bayou_crossing, serial_bayou_shore_b, minmay_circle_x
Temple:   regret_index_temple_waves
Lair:1:   layout_concentric_octagons, basic_altar, minivault_26,
          grunt_megastairs_1
Lair:2:   layout_cave_pods

Skill      XL: |  1  2  3  4  5  6  7  8  9 10 11 12 |
---------------+-------------------------------------+-----
Conjurations   | 2 3 4 5 6 8 9 10 11 12 | 12.0
Fire Magic     | 7 9 11 | 11.0
Spellcasting   | 5 7 10 12 13 | 13.5
Dodging        | 5 7 8 |  8.5
Fighting       | 2 3 |  3.0
Invocations    | 5 7 10 | 10.0
Stealth        | |  2.4

Action                   |  1- 3 |  4- 6 |  7- 9 | 10-12 || total
-------------------------+-------+-------+-------+-------++-------
Melee: Short sword       |     3 |       |       |       ||     3
       Mace              |     1 |     7 |     1 |       ||     9
       Dagger            |       |       |     9 |    10 ||    19
       Staff             |       |       |       |    10 ||    10
 Cast: Foxfire           |    53 |   100 |   233 |   441 ||   827
       Sticky Flame      |       |       |    11 |    56 ||    67
       Conjure Flame     |       |       |     7 |    12 ||    19
       Inner Flame       |       |       |     3 |     8 ||    11
       Fireball          |       |       |       |    61 ||    61
       Slow              |       |       |       |     2 ||     2
       Mephitic Cloud    |       |       |       |     1 ||     1
Invok: Channel Magic     |       |       |       |     3 ||     3
  Use: Scroll            |       |     1 |     6 |    10 ||    17
       Potion            |       |       |     1 |     3 ||     4
Armor: Robe              |     2 |     9 |    14 |    17 ||    42
Dodge: Dodged            |     8 |    29 |    55 |   147 ||   239
